 Dungeon Crawl Stone Soup version 0.29-a0-338-g1ff7896281 (webtiles) character file.

Game seed: 3980443820612203725

30 bande the Shield-Bearer (level 3, 0/23 HPs)
             Began as a Gargoyle Fighter on Apr 19, 2022.
             Slain by a phantom (5 damage)
             ... on level 2 of the Dungeon.
             The game lasted 00:01:16 (999 turns).

bande the Shield-Bearer (Gargoyle Fighter)           Turns: 999, Time: 00:01:17

Health: 0/23       AC: 10    Str: 19    XL:     3   Next: 20%
Magic:  3/3        EV:  9    Int:  8    God:
Gold:   69         SH:  4    Dex: 11    Spells: 2/2 levels left

rFire   . . .      SeeInvis .   a - +0 war axe
rCold   . . .      Faith    .   c - +0 buckler
rNeg    + . .      Spirit   .   b - +0 scale mail
rPois   ∞          Reflect  .   (no helmet)
rElec   +          Harm     .   (no cloak)
rCorr   .          Rampage  .   (no gloves)
Will    .....                   (no boots)
Stlth   ..........              (no amulet)
HPRegen 0.07/turn               (no ring)
MPRegen 0.08/turn               (no ring)

@: no status effects
A: sickness immunity, AC +3, negative energy resistance 1, electricity
resistance, torment resistance 1, petrification resistance
a: no special abilities


You were on level 2 of the Dungeon.
You visited 1 branch of the dungeon, and saw 2 of its levels.

You collected 69 gold pieces.

Inventory:

Hand Weapons
 a - a +0 war axe (weapon)
 e - a +0 morningstar
Armour
 b - a +0 scale mail (worn)
 c - a +0 buckler (worn)
Potions
 d - 2 potions of might
 f - a potion of heal wounds {unknown}


   Skills:
 + Level 3.5 Fighting
 + Level 2.3 Axes
 + Level 3.5 Armour
 + Level 3.8 Shields


You had 2 spell levels left.
You didn't know any spells.
Your spell library was empty.

Dungeon Overview and Level Annotations

Branches:
Dungeon (2/15)

Altars:


Innate Abilities, Weirdness & Mutations

You are immune to sickness and miasma.
Your stone body is resilient. (AC +3)
You are immune to poison.
You resist negative energy. (rN+)
You are resistant to electric shocks. (rElec)
You are resistant to unholy torment.
You are immune to petrification.


Message History

You barely miss the phantom. The phantom hits you.
The phantom blinks!
You blink.
You closely miss the phantom. You block the phantom's attack.
The phantom hits you but does no damage.
You hit the phantom.
The phantom is lightly damaged.
The phantom hits you.
The phantom blinks!
You blink.
Found a scroll labelled JULUFAAZOL.
You barely miss the phantom.
The phantom is lightly damaged.
The phantom hits you. The phantom barely misses you.
You are too injured to fight recklessly!
You are too injured to fight recklessly!
You are too injured to fight recklessly!
You are too injured to fight recklessly!
You are too injured to fight recklessly!
You are too injured to fight recklessly!
You are too injured to fight recklessly!
You are too injured to fight recklessly!
You are too injured to fight recklessly!
You are too injured to fight recklessly!
You are too injured to fight recklessly!
You slash the phantom!
The phantom is heavily damaged.
You block the phantom's attack.
You slash the phantom!
The phantom is almost destroyed.
The phantom hits you.
* * * LOW HITPOINT WARNING * * *
You closely miss the phantom.
The phantom is almost destroyed.
The phantom hits you but does no damage.
The phantom hits you.
* * * LOW HITPOINT WARNING * * *
The phantom blinks!
You blink.
Found a scroll labelled PITTOFAJOUC.
The phantom closely misses you.
You completely miss the phantom.
The phantom is almost destroyed.
The phantom hits you.
You die...

###.# #.#.## #.#
#.####...
########........
........###....
#.......# .
#.......#
#.......#
#W@..?..#
#.......# ##
#.......# #.
#.......# #.
.....#### #.
...?..# #.
.......# #.
........# #.
##+####### ##


You could see a phantom.

Vanquished Creatures
  2 dart slugs (D:1)
  An endoplasm (D:1)
  2 giant cockroaches (D:1)
  2 goblins (D:1)
  2 hobgoblins (D:1)
  2 jackals (D:1)
  4 bats
  3 frilled lizards
  5 kobolds (D:1)
  3 rats
26 creatures vanquished.

Notes
Turn   | Place    | Note
-------+----------+-------------------------------------------
     0 | D:1      | bande the Gargoyle Fighter began the quest for the Orb.
     0 | D:1      | Reached XP level 1. HP: 14/14 MP: 1/1
   259 | D:1      | Reached XP level 2. HP: 19/19 MP: 2/2
   556 | D:1      | Reached XP level 3. HP: 23/23 MP: 3/3
   980 | D:2      | Noticed a phantom
   999 | D:2      | Slain by a phantom

Illustrated notes

Levels and vault maps discovered:
D:1:      psy_arrival_fountain, layout_loops_ring
D:2:      layout_basic, dreamdust_ecumenical_altar_sealed_demon

Skill      XL: |  1 |
---------------+----+-----
Axes           | 2 |  2.3
Fighting       | |  3.5
Armour         | |  3.5
Shields        | |  3.8

Action                   || total
-------------------------++-------
Melee: War axe           ||    94
  Use: Scroll            ||     1
Armor: Scale mail        ||    62
Dodge: Dodged            ||    43
Block: Buckler           ||    20

Table legend: (Time is in decaauts)
 A = Elapsed time spent in this place.
 B = Non-inter-level travel time spent in this place.
 C = Inter-level travel time spent in this place.
 D = Time resting spent in this place.
 E = Time spent auto-exploring this place.
 F = Levels seen in this place.
 G = Mean time per level.
                   A        B        C        D        E       F      G
               +--------+--------+--------+--------+--------+-----+--------+
         Total |   1039 |   1020 |     19 |      0 |    800 |   2 |  519.5 |
       Dungeon |   1039 |   1020 |     19 |      0 |    800 |   2 |  519.5 |
               +--------+--------+--------+--------+--------+-----+--------+

Top non-repeatable levels by time:
     D:1: 875 daAuts
     D:2: 164 daAuts
